 Adventure DCSS version bcrawl-1.23 (webtiles) character file.

Game seed: 11224488533139560534

26628 funkygono the Devastator (level 13, -5/81 HPs)
             Began as a Fairy Conjurer on May 21, 2020.
             Was an Elder of Sif Muna.
             Killed from afar by a naga mage (16 damage)
             ... with an orb of energy
             ... on level 1 of the Snake Pit on May 23, 2020.
             The game lasted 01:29:16 (25057 turns).

funkygono the Devastator (Fairy Conjurer)          Turns: 25057, Time: 01:29:17

Health: -5/81      AC: 13    Str: 11    XL:     13   Next: 27%
Magic:  3/34       EV: 23    Int: 23    God:    Sif Muna [****..]
Gold:   590        SH:  7    Dex: 14    Spells: 6/43 levels left
                                        Lives:  0   Deaths: 2

rFire    . . .     SeeInvis .   p - +9 staff of Olgreb {rPois}
rCold    + . .     Gourm    .   (shield currently unavailable)
rNeg     . . .     Faith    .   (armour unavailable)
rPois    ∞         Spirit   .   f - +2 hat
rElec    .         Reflect  .   A - +0 cloak
rCorr    .         Harm     .   (no gloves)
MR       +....                  a - +2 pair of boots of the Assassin {Detection Stab+ Stlth++}
Stlth    +++.......             E - amulet of regeneration
HPRegen  0.32/turn              r - ring of protection from cold
MPRegen  0.24/turn              y - +5 ring of strength

@: flying evasively, divine energy
A: small, magic attunement, unstealthy, unfitting armour, able to fly, AC/SH +7
a: Stop Flying, Stop Divine Energy, Channel Magic, Forget Spell, Renounce
Religion


You were on level 1 of the Snake Pit.
You worshipped Sif Muna.
Sif Muna was greatly pleased with you.
You were not hungry.

You visited 5 branches of the dungeon, and saw 18 of its levels.

You collected 1790 gold pieces.
You spent 1200 gold pieces at shops.

Inventory:

Hand Weapons
 p - the +9 staff of Olgreb (weapon) {rPois}
   (You found it on level 5 of the Dungeon)

   It protects you from poison.
Armour
 a - the +2 pair of boots of the Assassin (worn) {Detection Stab+ Stlth++}
   (You bought it in a shop in the Orcish Mines)

   It makes you much more stealthy.
 f - a +2 hat (worn)
 A - a +0 cloak (worn)
 H - a +2 medium shield
Magical Staves
 j - an uncursed staff of air
Jewellery
 c - an uncursed ring of see invisible
 d - an uncursed ring of protection from magic
 l - an uncursed ring of resist corrosion
 r - a ring of protection from cold (left hand)
 t - the ring "Enkoti" {*Tele rElec MP+9 Str-4 Dex+3}
   (You found it in the Orcish Mines)

   [ring of teleportation]

   It may teleport you next to monsters.
   It affects your strength (-4).
   It affects your dexterity (+3).
   It insulates you from electricity.
   It affects your magic capacity (+9).
 y - a +5 ring of strength (right hand)
 E - an amulet of regeneration (around neck)
 K - an uncursed ring of ice
Wands
 q - a wand of digging (4)
Scrolls
 b - a scroll of enchant armour
 k - 5 scrolls of remove curse
 u - 3 scrolls of enchant weapon
 w - a scroll of blinking
 x - 5 scrolls of magic mapping
 L - 2 scrolls of identify
 O - 3 scrolls of fear
Potions
 g - a potion of mutation
 h - 3 potions of might
 i - 4 potions of haste
 m - a potion of berserk rage
 n - 3 potions of ambrosia
 o - 8 potions of curing
 s - a potion of heal wounds
 v - a potion of invisibility
 z - 4 potions of lignification
 B - a potion of agility
 C - 2 potions of flight
Miscellaneous
 G - a phial of floods
Comestibles
 e - 30 rations {!d}


   Skills:
 + Level 5.0 Fighting
   Level 3.5 Short Blades
 + Level 3.5 Staves
 + Level 9.7 Dodging
 - Level 3.3 Stealth
 + Level 4.2 Shields
 + Level 15.7 Spellcasting
 + Level 16.0 Conjurations
 + Level 4.3 Hexes
 + Level 1.4 Charms
 + Level 6.1 Fire Magic
 + Level 8.7 Ice Magic
 + Level 5.0 Air Magic
   Level 5.3 Earth Magic
 + Level 10.0 Poison Magic


You had 6 spell levels left.
You knew the following spells:

 Your Spells              Type           Power        Failure   Level  Hunger
a - Magic Dart            Conj           ####         0%          1    None
b - Searing Ray           Conj           #######.     0%          2    None
c - Iskenderun's Mystic   Conj           #######.     0%          3    None
d - Dazzling Spray        Conj/Hex       ######       1%          3    None
e - Mephitic Cloud        Conj/Pois/Air  #######.     1%          3    None
g - Venom Bolt            Conj/Pois      #######...   1%          5    None
h - Fireball              Conj/Fire      ######....   1%          5    None
i - Ozocubu's Armour      Chrm/Ice       #####...     1%          3    None
j - Bolt of Cold          Conj/Ice       ######....   3%          6    None
k - Bolt of Fire          Conj/Fire      ######....   5%          6    None

Your spell library contained the following spells:

 Spells                   Type           Power        Failure   Level  Hunger
 Sting                    Conj/Pois      ####         0%          1    None
 Flame Tongue             Conj/Fire      #####        1%          1    None
 Freeze                   Ice            ######       1%          1    None
 Infusion                 Chrm           ###.....     1%          1    None
 Flaming Arrows           Chrm/Fire      #####...     1%          2    None
 Poisonous Vapours        Pois/Air       ######       1%          2    None
 Shackle                  Hex            #####...     1%          2    None
 Throw Frost              Conj/Ice       ######       1%          2    None
 Confuse                  Hex            #####...     1%          3    None
 Conjure Flame            Conj/Fire      ######..     1%          3    None
 Ignite Poison            Fire/Tmut/Pois ######..     1%          3    None
 Inner Flame              Hex/Fire       N/A          1%          3    None
 Spider Form              Tmut/Pois      ###          1%          3    None
 Static Discharge         Air            #####...     1%          3    None
 Stone Arrow              Conj/Erth      ######       1%          3    None
 Fulminant Prism          Conj/Hex       ######....   1%          4    None
 Olgreb's Toxic Radiance  Pois           #######..    1%          4    None
 Sticky Flame             Conj/Fire      ######..     1%          4    None
 Throw Icicle             Conj/Ice       ######..     1%          4    None
 Lightning Bolt           Conj/Air       ######....   1%          5    None
 Song of Slaying          Chrm           ###.....     2%          2    None
 Iskenderun's Battlesphe  Conj/Chrm      ######..     2%          5    None
 Poison Arrow             Conj/Pois      #######...   2%          6    None
 Animate Skeleton         Necr           N/A          3%          1    None
 Pain                     Necr           ###...       3%          1    None
 Spectral Weapon          Hex/Chrm       ####....     3%          3    None
 Bolt of Draining         Conj/Necr      ######....   3%          5    None
 Irradiate                Conj/Tmut      ######....   3%          5    None
 Blink                    Tloc           N/A          4%          2    None
 Call Imp                 Summ           ###...       4%          2    None
 Corpse Rot               Necr           N/A          4%          2    None
 False Image              Hex/Summ       ####....     4%          3    None
 Summon Scorpions         Summ/Pois      ######..     4%          4    None
 Cause Fear               Hex            #####.....   5%          4    None
 Ice Form                 Ice/Tmut       #####...     5%          4    None
 Summon Ice Beast         Ice/Summ       #####...     5%          4    None
 Metabolic Englaciation   Hex/Ice        #####.....   6%          5    None
 Regeneration             Chrm/Necr      ###.......   7%          3    None
 Vampiric Draining        Necr           ###.......   10%         3    None
 Petrify                  Tmut/Erth      ####....     11%         4    None
 Tree Form                Hex/Tmut       N/A          13%         4    None
 Yara's Violent Unravell  Hex/Tmut       ####......   13%         4    None
 Ozocubu's Refrigeration  Ice            ######....   14%         6    None
 Freezing Cloud           Ice/Air        #####.....   28%         6    None
 Animate Dead             Necr           N/A          30%         4    None
 Summon Lightning Spire   Summ/Air       ####....     30%         5    None
 Summon Mana Viper        Hex/Summ       ####....     36%         5    None
 Piercing Shot            Chrm           ###.......   43%         5    None
 Infestation              Hex/Tmut/Pois  ######...    56%         6    None
 Darkness                 Hex            #####.....   63%         6    None
 Invisibility             Hex            #####...     63%         6    None
 Dispel Undead            Necr           ###.....     65%         5    None
 Summon Forest            Summ/Tloc      ###.......   65%         5    None
 Dispersal                Tloc           ###.......   99%         6    None
 Shadow Creatures         Summ           N/A          99%         6    None
 Summon Hydra             Summ           ###.......   99%         6    None
 Orb of Destruction       Conj           #######...   3%          7    None
 Icicle Burst             Conj/Ice       ######....   17%         7    None
 Mana Rupture             Conj/Hex       ######....   38%         7    None
 Spellforged Servitor     Conj/Summ      ######....   69%         7    None
 Chain Lightning          Conj/Air       ######....   95%         8    None
 Glaciate                 Conj/Ice/Air   ######....   98%         8    None


Dungeon Overview and Level Annotations

Branches:
Dungeon (9/12)             Temple (1/1) D:6            Lair (6/6) D:9
 Shoals (0/3) Lair:4        Snake (1/3) Lair:4        Slime (0/5) Lair:6
    Orc (1/1) D:8             Elf (0/3) Orc

Altars:
Ashenzari
Cheibriados
Dithmenos
Elyvilon
Fedhas
Gozag
Kikubaaqudgha
Lugonu
Makhleb
Nemelex Xobeh
Okawaru
Qazlal
Ru
Sif Muna
Trog
Uskayaw
Vehumet
Wu Jian
Xom
Zin
The Shining One
Beogh
Jiyva

Shops:
D:4 !   D:6 :   Orc *[*!

Annotations:
D:5 1 runed door
Snake:1 Aizul


Innate Abilities, Weirdness & Mutations

Your spells do not cause hunger and MP costs are reduced by 1.
Your bright wings attract enemies. (Stealth-)
You cannot fit into any form of body armour.
Your shimmering scales are hard and can block incoming attacks. (AC +7, SH +7)
You are small and have problems with some larger weapons.
You can fly continuously.


Message History

Press: ? - help, Shift-Dir - straight line, f/p - Aizul
Aim: Aizul (almost dead)
The magic dart hits Aizul.
Aizul is almost dead.
You block Aizul's attack.
The naga mage gestures at you while chanting.
You resist with some effort. Aizul casts a spell at you.
You barely resist.
Aizul says, "I wasn't actually sleeping!"
Aizul casts a spell at you.
You barely resist.
Aizul coils herself and waves her upper body at you.
You resist.
The bolt of poison hits you but does no damage.
The naga mage spits poison at you. The splash of poison misses you.
The naga mage gestures at you while chanting.
The orb of energy hits you!
You die...

#.##...#..........##
.......#...........#
#..##..#...........#
#...###....P..N#####
...................#####...##.
#####.##...........#..........
#...#.#.........S..#........# .
#..........#####...##.......# ..
......#.....#. #@...# ..... ...
##.####........#.#######.####N...
#.....##.#..#..#....#.....N{{N#
.....##..#.###......#.....#####
#...## .##.# ###<..####.......#
#...# #.....#..#..##.....# #####
#)....#..##†# ...#.# #
##....#.....# ..# #...##...###
....


You could see Aizul and a naga mage.

Vanquished Creatures
  An orc warlord (Orc)
  2 ettins (Orc)
  A fire dragon (Lair:6)
  4 hydras
  Harold (Lair:4)
  A naga warrior (Snake:1)
  6 two-headed ogres
  5 death yaks (Lair:6)
  4 orc high priests (Orc)
  A shock serpent (Snake:1)
  Sonja (Orc)
  Nergalle (Orc)
  2 lindwurms (Lair:6)
  3 orc knights (Orc)
  2 mana vipers (Snake:1)
  4 oklob plants (Lair:6)
  4 orc sorcerers (Orc)
  A manticore (Lair:5)
  5 elephants
  11 black mambas
  5 torpor snails (Lair:6)
  8 cane toads
  A rime drake (Lair:6)
  10 komodo dragons
  7 hornets (Lair:6)
  3 tyrant leeches (Lair:6)
  4 trolls
  2 polar bears
  2 slime creatures (Lair:5)
  8 blink frogs
  3 dream sheep
  5 hippogriffs
  A wyvern (D:8)
  22 yaks
  Eustachio (D:5)
  4 basilisks
  A tarantella (shapeshifter) (D:9)
  A hungry ghost (D:9)
  Grum (D:9)
  3 nagas (Snake:1)
  3 wargs (Orc)
  9 crocodiles
  5 soldier ants (D:5)
  2 hell hounds (Lair:1)
  21 water moccasins
  2 porcupines
  An ice beast (D:7)
  A sky beast (D:5)
  2 phantoms
  10 ogres
  39 orc warriors (Orc)
  The ghost of funkygono the Magician, an amateur GnWz (D:5)
  2 centaurs (D:7)
  16 wolves
  10 bullfrogs
  5 big kobolds
  4 scorpions
  7 killer bees (D:5)
  A wight (D:7)
  9 howler monkeys
  8 crimson imps
  2 centaur zombies
  Crazy Yiuf (D:7)
  5 hounds
  4 jellies
  2 centaur skeletons
  37 orc priests
  A bullfrog skeleton (D:3)
  A gnoll shaman (D:9)
  Terence (D:2)
  5 iguanas
  11 orc wizards
  13 worker ants
  A hound zombie (D:8)
  2 worker ant zombies
  11 gnolls
  23 adders
  A shadow imp (D:6)
  4 adder skeletons
  5 worms
  A dart slug (D:1)
  4 leopard geckos
  91 orcs
  3 giant cockroaches (D:2)
  4 goblins
  7 hobgoblins
  14 jackals
  15 kobolds
  4 quokkas
  A ball python (D:3)
  3 bats
  6 frilled lizards
  4 rats
  A fungus (Lair:6)
  3 plants
601 creatures vanquished.

Vanquished Creatures (others)
  A hornet (Lair:6)
  13 fungi
  11 plants (Lair:6)
25 creatures vanquished.

Grand Total: 626 creatures vanquished

Notes
Turn   | Place    | Note
-------+----------+-------------------------------------------
     0 | D:1      | funkygono the Fairy Conjurer began the quest for the Orb.
     0 | D:1      | Reached XP level 1. HP: 11/11 MP: 6/6
    61 | D:1      | Reached skill level 5 in Conjurations
   225 | D:1      | Reached XP level 2. HP: 10/17 MP: 7/7
   471 | D:1      | Learned a level 2 spell: Searing Ray
   813 | D:1      | Reached XP level 3. HP: 20/21 MP: 6/9
  1006 | D:2      | Reached skill level 6 in Conjurations
  1038 | D:2      | Learned a level 3 spell: Iskenderun's Mystic Blast
  1165 | D:2      | Noticed Terence
  1171 | D:2      | Killed Terence
  1171 | D:2      | Reached XP level 4. HP: 27/27 MP: 7/11
  1178 | D:2      | Learned a level 3 spell: Dazzling Spray
  1455 | D:2      | Found a bloodstained altar of Trog.
  1491 | D:2      | Found a shimmering altar of Xom.
  1499 | D:2      | Found a hide-covered altar of Uskayaw.
  1801 | D:3      | Reached XP level 5. HP: 31/31 MP: 4/12
  1915 | D:3      | Reached skill level 7 in Conjurations
  1940 | D:3      | Reached XP level 6. HP: 29/36 MP: 7/14
  2155 | D:3      | Reached skill level 5 in Spellcasting
  2638 | D:3      | Found a glowing silver altar of Zin.
  2638 | D:3      | Found a burning altar of Makhleb.
  2642 | D:3      | Noticed a blizzard demon
  2642 | D:3      | Noticed an angel
  2873 | D:3      | Found a shimmering blue altar of Sif Muna.
  2884 | D:3      | Learned a level 3 spell: Mephitic Cloud
  2888 | D:3      | Learned a level 3 spell: Stone Arrow
  2950 | D:4      | Reached skill level 1 in Hexes
  2950 | D:4      | Reached XP level 7. HP: 42/42 MP: 7/17
  3024 | D:4      | Reached skill level 8 in Conjurations
  3076 | D:4      | Found Tearos's Distillery.
  3144 | D:4      | Reached skill level 1 in Fighting
  3623 | D:4      | Reached skill level 5 in Dodging
  3623 | D:4      | Reached skill level 9 in Conjurations
  3623 | D:4      | Reached XP level 8. HP: 52/52 MP: 18/21
  3741 | D:3      | Became a worshipper of Sif Muna the Loreminder
  3833 | D:5      | Entered Level 5 of the Dungeon
  4053 | D:5      | Noticed Eustachio
  4058 | D:5      | Killed Eustachio
  4220 | D:5      | Reached XP level 9. HP: 57/57 MP: 7/22
  4406 | D:5      | Found a runed translucent gate.
  4406 | D:5      | Found a runed translucent gate.
  4407 | D:5      | Found a runed translucent gate.
  4409 | D:5      | Noticed funkygono's ghost (amateur GnWz)
  4422 | D:5      | Killed funkygono's ghost
  4422 | D:5      | Reached * piety under Sif Muna
  4508 | D:5      | Found the +9 staff of Olgreb {rPois}
  4517 | D:5      | Found a runed gate.
  4518 | D:5      | Found a runed door.
  4529 | D:5      | Found a runed gate.
  4529 | D:5      | Found a runed gate.
  4538 | D:5      | Found a runed door.
  4547 | D:5      | Identified Sif Muna's Catalogue of Attacks (Sif Muna gifted
                  | it to you on level 5 of the Dungeon)
  4547 | D:5      | Received a gift from Sif Muna
  4585 | D:5      | Reached skill level 10 in Conjurations
  5096 | D:5      | Found a shimmering altar of Xom.
  5311 | D:5      | Learned a level 5 spell: Venom Bolt
  5325 | D:5      | Reached XP level 10. HP: 63/63 MP: 19/24
  5665 | D:6      | Found a sparkling altar of Nemelex Xobeh.
  5676 | D:6      | Found a stormy altar of Qazlal.
  5743 | D:6      | Reached skill level 5 in Earth Magic
  5817 | D:6      | Found a staircase to the Ecumenical Temple.
  5826 | Temple   | Entered the Ecumenical Temple
  6562 | D:6      | Found Feumobadd's Book Emporium.
  6752 | D:6      | Learned a level 5 spell: Fireball
  7290 | D:7      | Reached ** piety under Sif Muna
  7411 | D:7      | Reached skill level 11 in Conjurations
  7533 | D:7      | Reached skill level 5 in Poison Magic
  7880 | D:7      | Identified Sif Muna's Compendium of Scorching Flight (Sif
                  | Muna gifted it to you on level 7 of the Dungeon)
  7880 | D:7      | Received a gift from Sif Muna
  7890 | D:7      | Learned a level 3 spell: Ozocubu's Armour
  8125 | D:7      | Found a runed door.
  8129 | D:7      | Noticed Crazy Yiuf
  8130 | D:7      | Killed Crazy Yiuf
  8464 | D:8      | Found a staircase to the Orcish Mines.
  8800 | D:8      | Noticed a two-headed ogre
  8805 | D:8      | Killed a two-headed ogre
  9173 | D:8      | Reached skill level 10 in Spellcasting
  9292 | D:8      | Reached XP level 11. HP: 68/68 MP: 22/27
  9307 | D:8      | Reached skill level 1 in Charms
  9329 | D:8      | Noticed a two-headed hydra
  9442 | D:8      | Killed a two-headed hydra
  9725 | D:9      | Reached *** piety under Sif Muna
  9835 | D:9      | Noticed a two-headed ogre
  9841 | D:9      | Killed a two-headed ogre
  9841 | D:9      | Identified Sif Muna's Tome of Torrid Beguiling (Sif Muna
                  | gifted it to you on level 9 of the Dungeon)
  9841 | D:9      | Received a gift from Sif Muna
  9841 | D:9      | Reached skill level 12 in Conjurations
 10224 | D:9      | Found a staircase to the Lair.
 10442 | D:9      | Noticed a two-headed ogre
 10447 | D:9      | Killed a two-headed ogre
 10447 | D:9      | Reached skill level 1 in Staves
 10456 | D:9      | Learned a level 4 spell: Throw Icicle
 10733 | D:9      | Noticed Grum
 10737 | D:9      | Killed Grum
 10756 | D:9      | Reached XP level 12. HP: 71/74 MP: 2/29
 10770 | D:9      | Identified Sif Muna's Almanac of Boosting Venom (Sif Muna
                  | gifted it to you on level 9 of the Dungeon)
 10770 | D:9      | Received a gift from Sif Muna
 10782 | D:9      | Found Goomush's Distillery.
 11055 | Lair:1   | Entered Level 1 of the Lair of Beasts
 13401 | Lair:3   | Noticed an eight-headed hydra
 13409 | Lair:3   | Killed an eight-headed hydra
 13609 | Lair:3   | Reached skill level 13 in Conjurations
 13775 | Lair:3   | Reached skill level 5 in Ice Magic
 14408 | Lair:3   | Identified Sif Muna's Further Progress in Magic (Sif Muna
                  | gifted it to you on level 3 of the Lair of Beasts)
 14408 | Lair:3   | Received a gift from Sif Muna
 14964 | Lair:4   | Found a staircase to the Snake Pit.
 15311 | Lair:4   | Noticed Harold
 15318 | Lair:4   | Killed Harold
 15318 | Lair:4   | Reached XP level 13. HP: 73/81 MP: 12/31
 15528 | Lair:4   | Found a staircase to the Shoals.
 15560 | Lair:4   | Reached skill level 5 in Fire Magic
 17411 | Lair:6   | Entered Level 6 of the Lair of Beasts
 17424 | Lair:5   | Reached skill level 1 in Shields
 17666 | Lair:6   | Reached skill level 14 in Conjurations
 18030 | Lair:6   | Reached **** piety under Sif Muna
 18402 | Lair:6   | Identified Sif Muna's Grimoire of Snow and Beguiling (Sif
                  | Muna gifted it to you on level 6 of the Lair of Beasts)
 18402 | Lair:6   | Received a gift from Sif Muna
 18812 | Lair:6   | Found a staircase to the Slime Pits.
 18813 | Lair:6   | Found a viscous altar of Jiyva.
 18881 | Lair:5   | HP: 4/81 [very large slime creature (3)]
 19105 | Lair:6   | Got a fine fustibalus
 19274 | Lair:6   | Reached XP level 14. HP: 71/86 MP: 2/34
 19425 | Lair:6   | Learned a level 6 spell: Bolt of Fire
 19650 | Lair:6   | Found a runed door.
 19962 | Lair:6   | Identified Sif Muna's Disquisition on Icy Intoxication (Sif
                  | Muna gifted it to you on level 6 of the Lair of Beasts)
 19962 | Lair:6   | Received a gift from Sif Muna
 20004 | Lair:6   | Reached skill level 15 in Conjurations
 20604 | D:9      | Learned a level 6 spell: Bolt of Cold
 20662 | Orc      | Entered the Orcish Mines
 20954 | Orc      | Noticed Sonja
 20962 | Orc      | Killed Sonja
 21191 | Orc      | Found a roughly hewn altar of Beogh.
 21412 | Orc      | Found Numuineu's General Store.
 21474 | Orc      | Found Luawe's Antique Armour Shoppe.
 21797 | Orc      | Identified Sif Muna's Disquisition on Battle Magic (Sif
                  | Muna gifted it to you in the Orcish Mines)
 21797 | Orc      | Received a gift from Sif Muna
 21949 | Orc      | Got a steaming jade ring
 21958 | Orc      | Identified the ring "Enkoti" {*Tele rElec MP+9 Str-4 Dex+3}
                  | (You found it in the Orcish Mines)
 22047 | Orc      | Reached skill level 15 in Spellcasting
 22262 | Orc      | Found a staircase to the Elven Halls.
 22391 | Orc      | Noticed Nergalle
 22396 | Orc      | Killed Nergalle
 22416 | Orc      | Noticed an orc warlord
 22851 | Orc      | Killed an orc warlord
 23006 | Orc      | Found a roughly hewn altar of Beogh.
 23217 | Orc      | Found Pimeosesch's Distillery.
 23399 | Orc      | Killed from afar by an orc high priest
 23400 | Orc      | Reached XP level 13. HP: -5/81 MP: 5/34
 23922 | Orc      | Found Enuha's Assorted Antiques.
 23934 | Orc      | Reached XP level 14. HP: 70/86 MP: 2/35
 24181 | Orc      | Bought the +2 pair of boots of the Assassin {Detection
                  | Stab+ Stlth++} for 1200 gold pieces
 24181 | Orc      | Found the +2 pair of boots of the Assassin {Detection Stab+
                  | Stlth++}
 24484 | Snake:1  | Entered Level 1 of the Snake Pit
 24488 | Snake:1  | Identified Sif Muna's Advanced Guide to Spellcraft (Sif
                  | Muna gifted it to you on level 1 of the Snake Pit)
 24488 | Snake:1  | Received a gift from Sif Muna
 24615 | Snake:1  | Reached skill level 5 in Air Magic
 24635 | Snake:1  | Noticed a nagaraja
 24646 | Snake:1  | Killed from afar by a nagaraja
 24647 | Snake:1  | Reached XP level 13. HP: -6/81 MP: 4/34
 24657 | Snake:1  | Reached skill level 10 in Poison Magic
 24829 | Snake:1  | Reached skill level 5 in Fighting
 25038 | Snake:1  | Reached skill level 16 in Conjurations
 25039 | Snake:1  | Noticed Aizul
 25057 | Snake:1  | Killed from afar by a naga mage

Skill      XL: |  1  2  3  4  5  6  7  8  9 10 11 12 13 14 |
---------------+-------------------------------------------+-----
Conjurations   | 5 6 7 9 10 11 12 13 16 15 | 16.0
Spellcasting   | 3 4 5 7 8 10 11 12 14 15 | 15.7
Dodging        | 3 5 6 7 8 9 |  9.7
Hexes          | 1 3 4 |  4.3
Fighting       | 3 4 5 |  5.0
Stealth        | 2 3 |  3.3
Short Blades   | 3 |  3.5
Fire Magic     | 4 5 6 |  6.1
Ice Magic      | 4 5 7 8 |  8.7
Air Magic      | 4 5 |  5.0
Earth Magic    | 4 5 |  5.3
Poison Magic   | 4 5 7 8 10 | 10.0
Charms         | 1 |  1.4
Staves         | 1 2 3 |  3.5
Shields        | 3 4 |  4.2

Action                   |  1- 3 |  4- 6 |  7- 9 | 10-12 | 13-15 || total
-------------------------+-------+-------+-------+-------+-------++-------
Melee: Dagger            |    10 |     1 |     7 |       |       ||    18
       Staff             |       |       |       |   109 |   154 ||   263
 Cast: Magic Dart        |    42 |    56 |    25 |   155 |   195 ||   473
       Searing Ray       |     6 |     5 |    11 |    12 |    10 ||    44
       Iskenderun's Myst |       |     5 |    22 |    19 |    32 ||    78
       Dazzling Spray    |       |    20 |     6 |     2 |    10 ||    38
       Stone Arrow       |       |     2 |    22 |    23 |     3 ||    50
       Mephitic Cloud    |       |       |     7 |     5 |    29 ||    41
       Venom Bolt        |       |       |       |   105 |   117 ||   222
       Fireball          |       |       |       |    39 |    17 ||    56
       Ozocubu's Armour  |       |       |       |     6 |       ||     6
       Throw Icicle      |       |       |       |    78 |    80 ||   158
       Bolt of Fire      |       |       |       |       |    52 ||    52
       Bolt of Cold      |       |       |       |       |    56 ||    56
Invok: Divine Energy     |       |       |       |       |     1 ||     1
       Forget Spell      |       |       |       |       |     2 ||     2
  Use: Scroll            |     3 |     6 |     3 |    14 |     8 ||    34
       Potion            |       |       |     2 |       |     6 ||     8
 Stab: Confused          |       |       |       |       |     3 ||     3
  Eat: Chunk             |     1 |     4 |     3 |    22 |    14 ||    44
       Ration            |       |       |     2 |     2 |     3 ||     7
Armor: Skin              |    13 |     4 |     5 |    35 |    63 ||   120
Dodge: Dodged            |    28 |    12 |    50 |   159 |   340 ||   589
Block: Other             |     9 |       |    14 |    62 |   134 ||   219
